 Dungeon Crawl Stone Soup version 0.24.0-125-gc4c63601f3 (webtiles) character file.

Game seed: 7296974848982267502, levelgen mode: deterministic

7 Descartes the Grasshopper (level 1, -3/9 HPs)
             Began as a Felid Warper on Mar 7, 2020.
             Slain by a kobold
             ... wielding a +0 dagger
              (6 damage)
             ... on level 1 of the Dungeon.
             The game lasted 00:00:50 (165 turns).

Descartes the Grasshopper (Felid Warper)             Turns: 165, Time: 00:00:50

Health: -3/9       AC:  1    Str:  7    XL:     1   Next: 83%
Magic:  4/4        EV: 18    Int: 14    God:
Gold:   9          SH:  0    Dex: 15    Spells: 4/4 levels left
                                        Lives:  0   Deaths: 0

rFire    . . .     SeeInvis +     - Unarmed
rCold    . . .     Gourm    .   (shield unavailable)
rNeg     . . .     Faith    .   (armour unavailable)
rPois    .         Spirit   .   (helmet unavailable)
rElec    .         Reflect  .   (cloak unavailable)
rCorr    .         Harm     .   (gloves unavailable)
MR       .....                  (boots unavailable)
Stlth    ++........             (no amulet)
HPRegen  0.03/turn              (no ring)
MPRegen  0.09/turn              (no ring)

@: quick
A: very small, no armour, no weapons or thrown items, stealth, claws 1, fangs 3,
see invisible, carnivore, speed 1, shaggy fur 1, slow metabolism 1, sharp paws
a: no special abilities


You were on level 1 of the Dungeon.
You were full.

You visited 1 branch of the dungeon, and saw 1 of its levels.

You collected 9 gold pieces.

Inventory:

Scrolls
 a - a scroll of identify {unknown}
 b - a scroll of blinking
Potions
 d - a potion of brilliance {unknown}
Comestibles
 c - a ration


   Skills:
 + Level 2.1 Fighting
 + Level 3.5 Dodging
 + Level 2.1 Unarmed Combat
 + Level 2.1 Spellcasting
   Level 4.4 Translocations


You had 4 spell levels left.
You didn't know any spells.
Your spell library contained the following spells:

 Spells                   Type           Power        Failure   Level  Hunger
 Blink                    Tloc           N/A          6%          2    ###....
 Gell's Gravitas          Tloc           ##........   12%         3    ###....
 Lesser Beckoning         Tloc           ##........   12%         3    ###....
 Teleport Other           Tloc           ##......     12%         3    ###....
 Shroud of Golubria       Chrm/Tloc      #.....       14%         2    ###....
 Passage of Golubria      Tloc           N/A          36%         4    #####..


Dungeon Overview and Level Annotations

Branches:
Dungeon (1/15)

Altars:


Innate Abilities, Weirdness & Mutations

You cannot wear armour.
You are incapable of wielding weapons or throwing items.
Your paws allow you to move quietly. (Stealth)
You have sharp claws.
You have razor-sharp teeth.
You have supernaturally acute eyesight. (SInv)
You are carnivorous and can eat meat at any time.
You cover ground quickly.
You are covered in fur. (AC +1)
You have a slow metabolism.
Your sharp claws are effective at attacking unaware monsters.


Message History

The kobold is too close now for your liking.
A kobold is nearby!
A bat comes into view.
The kobold throws a stone.
The stone closely misses you.
You see here an encrusted diamond ring.
You scratch the kobold but do no damage.
The bat hits you. The kobold misses you.
You scratch the kobold.
The kobold is moderately wounded.
The bat closely misses you. The bat hits you.
The kobold hits you with a +0 dagger.
You are too injured to fight recklessly!
You are too injured to fight recklessly!
You are too injured to fight recklessly!
You barely miss the bat. The bat misses you. The bat closely misses you.
The kobold closely misses you.
You barely miss the bat. Your bite misses the bat. The bat misses you. x2
The kobold hits you with a +0 dagger.
Ouch! That really hurt!
You die...

#.#.. #.#.. . #....
.>...# .. #...# # .....
#..##...# #.####....
.....$..###..##....
#..K.#....##...
..#..b@#.##.##..
...........#.##.####.##
...........#.##รท.......
...###..#..#.......#..#
.. ...........#.##.....
. .###......(.#... ....
...........####.#...
##...#..#.## # ..
##...#..#.#####.# .


You could see a bat and a kobold.

Vanquished Creatures
  A dart slug (D:1)
  A hobgoblin (D:1)
  A kobold (D:1)
  2 rats (D:1)
5 creatures vanquished.

Notes
Turn   | Place    | Note
-------+----------+-------------------------------------------
     0 | D:1      | Descartes the Felid Warper began the quest for the Orb.
     0 | D:1      | Reached XP level 1. HP: 9/9 MP: 4/4
   165 | D:1      | Slain by a kobold

Levels and vault maps discovered:
D:1:      dpeg_arrival_brainrot, layout_basic, chequers_serial_rivers_micro_a

Action                   || total
-------------------------++-------
Melee: Unarmed           ||    17
       Bite              ||     2
 Stab: Sleeping          ||     1
  Eat: Chunk             ||     3
Dodge: Dodged            ||    17
